 Dungeon Crawl Stone Soup version 0.23.2-1-ga50397a (webtiles) character file.

Game seed: 14434724447509647478

167 w00t the Firebug (level 5, -2/28 HPs)
             Began as a Deep Elf Fire Elementalist on May 26, 2019.
             Killed by divine providence
             ... invoked by an orc priest
              (16 damage)
             ... on level 4 of the Dungeon.
             The game lasted 00:02:21 (3201 turns).

w00t the Firebug (Deep Elf Fire Elementalist)       Turns: 3201, Time: 00:02:22

Health: -2/28      AC:  9    Str:  5    XL:     5   Next: 23%
Magic:  9/13       EV: 13    Int: 21    God:
Gold:   134        SH:  0    Dex: 15    Spells: 7/12 levels left

rFire    . . .     SeeInvis .   a - +1 dagger
rCold    . . .     Gourm    .   (no shield)
rNeg     . . .     Faith    .   p - +0 robe
rPois    .         Spirit   .   i - +1 helmet
rElec    .         Reflect  .   d - +1 cloak
rCorr    .         Harm     .   f - +0 pair of gloves
MR       .....                  (no boots)
Stlth    ++........             (no amulet)
HPRegen  0.09/turn              x - +2 ring of protection
MPRegen  0.13/turn              (no ring)

@: about to teleport
A: no striking features
a: no special abilities


You were on level 4 of the Dungeon.
You were hungry.

You visited 1 branch of the dungeon, and saw 4 of its levels.

You collected 134 gold pieces.

Inventory:

Hand Weapons
 a - a +1 dagger (weapon)
Missiles
 g - 103 stones (quivered)
 n - 25 sling bullets
Armour
 d - a +1 cloak (worn)
 f - a +0 pair of gloves (worn)
 i - a +1 helmet (worn)
 p - a +0 robe (worn)
Jewellery
 x - a +2 ring of protection (left hand)
Scrolls
 k - a scroll of fog {unknown}
 l - a scroll of enchant armour
 m - 2 scrolls of teleportation
 q - 6 scrolls of identify {unknown}
 A - a scroll of immolation {unknown}
Potions
 c - a potion of haste {unknown}
 j - a potion of might {unknown}
 o - a potion of berserk rage {unknown}
 s - a potion of ambrosia {unknown}
 t - a potion of magic {unknown}
 u - a potion of degeneration {unknown}
 v - 2 potions of mutation {unknown}
 z - a potion of brilliance {unknown}
Comestibles
 b - 2 chunks of flesh
 r - 7 rations


   Skills:
 - Level 2.4 Dodging
 - Level 2.4 Stealth
 + Level 4.1 Spellcasting
 * Level 3.6 Conjurations
 * Level 4.9 Fire Magic


You had 7 spell levels left.
You knew the following spells:

 Your Spells              Type           Power        Failure   Level  Hunger
a - Flame Tongue          Conj/Fire      ###..        1%          1    None
k - Sticky Flame          Conj/Fire      ###.....     21%         4    ####...

Your spell library contained the following spells:

 Spells                   Type           Power        Failure   Level  Hunger
 Throw Flame              Conj/Fire      ###...       3%          2    #......
 Conjure Flame            Conj/Fire      ###.....     6%          3    ###....
 Inner Flame              Hex/Fire       ##......     13%         3    ###....
 Fireball                 Conj/Fire      ###.......   50%         5    ######.


Dungeon Overview and Level Annotations

Branches:
Dungeon (4/15)
 Temple: D:4-7

Altars:

Annotations:
D:2 exclusion: Sigmund, Sigmund


Message History

The orc priest casts a cantrip, but nothing happens.
Casting: Flame Tongue (safe; 1% risk of failure)
Confirm with . or Enter, or press ? or * to list all spells.
Aiming: Flame Tongue (safe; 1% risk of failure)
Press: ? - help, Shift-Dir - straight line, f/p - orc priest
Aim: an orc priest, wielding a +0 dagger and wearing a +0 leather armour (lightly wounded)
The flame tongue hits the orc priest but does no damage.
The orc priest is lightly wounded.
The orc priest closely misses you.
Casting: Flame Tongue (safe; 1% risk of failure)
Confirm with . or Enter, or press ? or * to list all spells.
Aiming: Flame Tongue (safe; 1% risk of failure)
Press: ? - help, Shift-Dir - straight line, f/p - orc priest
Aim: an orc priest, wielding a +0 dagger and wearing a +0 leather armour (lightly wounded)
The flame tongue hits the orc priest.
The orc priest is moderately wounded.
The orc priest mumbles some strange prayers to Beogh against you.
Beogh smites you!
Ouch! That really hurt!
You die...

...........#***,,,,,,,,,,,,,,,,,*
...........###########*****,,,,,*
.......,.............# *,,,,,*
.....#***#...........# *,,,,,*
.....# #...........#*****,,,,**
.....#####...........#,,,**,,,,,*
.....................+,,,,,,>,,,*
.....#############...#,,,**,*<,,*
...............l@#...#,,,**,*,***
####.###########o#...#,,,**,*,,,,
#.........<##o#...#,,,**,**,,,
#############o.####*,**,,,,,,,
*******##########.## *.#*,,,,,,,
,,,,,,,............# #.#*,,,,,,,
,,,,,,,............## #.#*,,,,,,,
,,,,,,,.^...........###.##,,,,,,,
,,,,,,,...........#.##...###**,,,


You could see an iguana, 2 orc priests and an orc.

Vanquished Creatures
  A worker ant (D:4)
  Robin (D:2)
  3 gnolls (D:2)
  3 adders (D:3)
  A worm (D:3)
  A dart slug (D:3)
  3 leopard geckos
  An orc (D:4)
  3 giant cockroaches
  7 hobgoblins
  2 jackals (D:3)
  2 quokkas
  4 ball pythons
  9 bats
  4 frilled lizards
  14 goblins
  3 kobolds
  6 rats
68 creatures vanquished.

Notes
Turn   | Place    | Note
-------+----------+-------------------------------------------
     0 | D:1      | w00t the Deep Elf Fire Elementalist began the quest for the
                  | Orb.
     0 | D:1      | Reached XP level 1. HP: 10/10 MP: 6/6
   226 | D:1      | Reached XP level 2. HP: 15/15 MP: 6/8
   737 | D:2      | Reached XP level 3. HP: 19/19 MP: 4/9
   971 | D:2      | Noticed Robin
  1040 | D:2      | Killed Robin
  1052 | D:2      | Reached XP level 4. HP: 24/24 MP: 1/11
  1472 | D:2      | Noticed Sigmund
  2304 | D:3      | Learned a level 4 spell: Sticky Flame
  2850 | D:3      | Reached XP level 5. HP: 24/28 MP: 8/13
  3177 | D:4      | Noticed a phantom
  3201 | D:4      | Killed from afar by an orc priest

Skill      XL: |  1  2  3  4 |
---------------+-------------+-----
Conjurations   | 2 3 |  3.6
Fire Magic     | 4 |  4.9
Spellcasting   | 4 |  4.1
Dodging        | |  2.4
Stealth        | |  2.4

Action                   |  1- 3 |  4- 6 || total
-------------------------+-------+-------++-------
Melee: Dagger            |       |     9 ||     9
 Cast: Flame Tongue      |    53 |    64 ||   117
       Sticky Flame      |       |     1 ||     1
  Use: Scroll            |       |     7 ||     7
  Eat: Chunk             |       |     6 ||     6
Armor: Robe              |     1 |     9 ||    10
Dodge: Dodged            |     4 |    24 ||    28
